riotbit, chaotic male elven Ranger --- --- --- -- -..- --.-- -..|--.---- ..--- |...| ---.. |...|.-- ....-- --.-| |...- --......| .....- ---- |..-- ---- ---...| |.......| .....--.|. |...| |..|--....- --......| ......... --..|----..|......| ---...-- -........- ---- --.--............-------.--- .....>..--.|. --...........^...).......|-- ........).. |.................----.---.-- ......... --.*..|.......)--.---.......| -.?....).- ---.--.--.....||.....<.....| -.....%.-- --.........-----..--.....| -.......-- ---.--.--..-- |...|--..-- -.......| ----......||..| ---.--|..| -- ------..h.d.-----........------ |...|..| |...............).........)..-- |--.*..| ----------....I@-----....--.-- --.....-- --.....| --..----- |...^.-- ---.--- ---- --.---- -- -- riotbit the Lookout Experience level: 4 Strength: 14 Dexterity: 9 Constitution: 15 Intelligence: 16 Wisdom: 14 Charisma: 7 Health: 0(32) Energy: 27(27) Def: 3 Gold: 311 Moves: 1128 Dungeon seed: ZlGJl1xnr4cQAtb5 Game ID: riotbit_1449930654 Your Inventory: Coins $ - 311 gold pieces Amulets i - a cursed amulet of restful sleep Weapons a - a +1 elven dagger (alternate weapon; not wielded) b - a +1 elven bow (weapon in hand) c - 34 +2 elven arrows (in quiver) d - 33 +0 elven arrows p - 13 +0 arrows Armor e - an uncursed +2 elven cloak (being worn) n - an uncursed +0 dented pot q - a cursed +0 orcish helm Comestibles f - 3 uncursed lembas wafers Scrolls j - an uncursed scroll of destroy armor Potions g - an uncursed potion of extra healing h - 2 uncursed potions of paralysis Tools o - an uncursed towel Gems r - an uncursed worthless piece of black glass y - an uncursed aquamarine stone z - an uncursed worthless piece of orange glass N - an uncursed worthless piece of violet glass Spells and supernatural/magical abilities: Name Level Category Fail Memory W - pray for help -- divine ? -- Your skills at the end: Fighting Skills Weapon Skills dagger [Basic] bow [Basic] Spellcasting Skills Final Attributes: You were piously aligned. You were sleep resistant. You had automatic searching. You had infravision. You were stealthy. You are dead. Vanquished creatures: 2 gnome lords 2 dwarves 2 giant rats a brown mold a red mold 7 gnomes a gecko a jackal a fox 4 goblins 2 grid bugs 2 bats a lichen 4 newts 31 creatures vanquished. Voluntary challenges: You were an atheist. You used a wielded weapon 3 times, starting on turn 882. You read items or engraved 1 time, starting on turn 828. You never genocided any monsters. You never polymorphed an object. You never changed form. You used no wishes. You never split a pudding. You never wrote Elbereth's name. You never violated your personal moral code. Dungeon overview: The Dungeons of Doom: levels 1 to 3 Level 1 some fountains a long staircase Level 2 Level 3 a general store, a fountain stairs to The Gnomish Mines The Gnomish Mines: Level 4 <- You were here stairs to The Dungeons of Doom History has recorded: On T:1 you entered the Dungeons of Doom to retrieve the Amulet of Yendor! On T:371 you reached level 2 of The Dungeons of Doom. On T:631 you reached level 3 of The Dungeons of Doom. On T:726 you advanced to experience level 2. On T:883 you advanced to experience level 3. On T:923 you reached level 1 of The Gnomish Mines. On T:1092 you advanced to experience level 4. Score breakdown: Gold: 311 ( 8484 points) Experience: 4 levels ( 9649 points) Exploration: 4 levels ( 8.33%) ( 7579 points) Discoveries: 4 items ( 1.38%) ( 3523 points) Valuables value: (no points given unless you survive) Artifact value: 0 ( 0 points) Variety of kills: 14 monsters ( 3.67%) ( 5750 points) Turncount: 1128 turns ( 0 points) Survival: died (score multiplied by 80%) Total score: 27988 Latest messages: You shoot 3 elven arrows. The 1st elven arrow hits the gnome lord! The 2nd elven arrow hits the gnome lord! You kill the gnome lord! It hits! You die... Final status: Goodbye riotbit the Ranger, killed by an invisible gnome king... You died in The Gnomish Mines on dungeon level 4 with 27988 points, and 311 pieces of gold, after 1128 moves. You were level 4 with a maximum of 32 hit points when you died.